 Dungeon Crawl Stone Soup version 0.32-a0-422-g28b100f618 (webtiles) character file.

Game seed: 11040212473069288550

723 ezpacito the Trooper (level 7, -11/54 HPs)
             Began as a Demonspawn Chaos Knight on Feb 22, 2024.
             Was a Plaything of Xom.
             Killed by nerve-wracking pain
             ... invoked by an orc priest
              (14 damage)
             ... on level 5 of the Dungeon.
             The game lasted 00:05:43 (3785 turns).

ezpacito the Trooper (Demonspawn Chaos Knight)      Turns: 3785, Time: 00:05:44

Health: -11/54     AC: 13    Str: 15      XL:     7   Next: 43%
Magic:  10/10      EV: 11    Int: 14 (15) God:    Xom [...*..]
Gold:   87         SH:  5    Dex: 12      Spells: 7/10 levels left

rFire   . . .        a - +0 hand axe (chaos)
rCold   . . .        (no shield)
rNeg    . . .        d - +2 ring mail {rC+}
rPois   .            s - +0 helmet {Int+3}
rElec   +            f - +0 cloak
rCorr   .            (no gloves)
SInv    .            (no boots)
Will    .....        c - amulet of reflection
Stlth   +            (no ring)
HPRegen 0.29/turn    (no ring)
MPRegen 0.12/turn

%: reflection
@: fugue, invisible
A: sharp scales 3, demonic touch 2, talons 1, electricity resistance, cold
vulnerability 1
a: Renounce Religion


You were on level 5 of the Dungeon.
You worshipped Xom.
You were a favourite toy of Xom.
You visited 1 branch of the dungeon, and saw 5 of its levels.

You collected 199 gold pieces.
You spent 112 gold pieces at shops.

Inventory:

Hand Weapons
 a - a +0 hand axe of chaos (weapon)
 h - a +0 war axe
Armour
 d - a +2 ring mail of cold resistance (worn)
 f - a +0 cloak (worn)
 s - a +0 helmet of intelligence (worn)
Jewellery
 c - an amulet of reflection (around neck)
Talismans
 e - a blade talisman
Scrolls
 g - 4 scrolls of amnesia
 i - a scroll of revelation
 k - a scroll of immolation {unknown}
 l - 2 scrolls of fear {unknown}
 n - a scroll of noise {unknown}
 o - 2 scrolls of brand weapon {unknown}
 r - 3 scrolls of identify
Potions
 p - a potion of resistance {unknown}


   Skills:
 * Level 4.2 Fighting
 * Level 3.9 Axes
 * Level 3.2 Armour
 * Level 2.8 Dodging
 + Level 1.6 Stealth
 * Level 2.5 Unarmed Combat
 * Level 2.4 Spellcasting
 + Level 1.5 Hexes
 + Level 0.7 Shapeshifting


You had 7 spell levels left.
You knew the following spells:

 Your Spells              Type           Power      Damage    Failure   Level
a - Tukima's Dance        Hex            5%         N/A       56%         3

Your spell library contained the following spells:

 Spells                   Type           Power      Damage    Failure   Level
 Jinxbite                 Hex            10%        N/A       34%         2
 Passage of Golubria      Tloc           1%         N/A       99%         4
 Yara's Violent Unravell  Hex/Alch       1%         3d3       100%        5
 Enfeeble                 Hex            2%         N/A       100%        7


Dungeon Overview and Level Annotations

Branches:
Dungeon (5/15)
 Temple: D:4-7

Altars:
Dithmenos

Shops:
D:4 *


Innate Abilities, Weirdness & Mutations

You are completely covered in razor-sharp scales. (AC +3, Slay +3)
Your touch may inflict irresistible damage on your foes.
You have sharp toenails.
You are resistant to electric shocks. (rElec)
You are vulnerable to cold. (rC-)


Message History

Pain shoots through your body! The water moccasin barely misses you.
You hear some strange, mumbled words.
You are confused.
The orc priest closely misses you. The water moccasin barely misses you.
You bump into the rock wall.
Unknown command.
You closely miss the orc priest. You closely miss something. You slash the orc!
You kill the orc!
The orc priest barely misses you. Something hits you.
The orc priest closely misses you.
You feel your strength returning.
Unknown command.
You bump into the rock wall.
The orc priest mumbles some strange prayers to Beogh against you.
Pain shoots through your body! Something hits you but does no damage.
The water moccasin closely misses you. Something hits you.
The orc priest mumbles some strange prayers to Beogh against you.
Pain shoots through your body!
* * * LOW HITPOINT WARNING * * *
You feel better. The water moccasin closely misses you.
You block something's attack.
The orc priest hits you but does no damage.
Something hits you but does no damage. The water moccasin bites you.
* * * LOW HITPOINT WARNING * * *
It was a potion of mutation.
You feel extremely strange.
You feel less resistant to poisons.
You feel vulnerable to cold.
You feel insulated.
Your toenails lengthen and sharpen.
Xom thinks this is hilarious!
The orc priest hits you but does no damage.
You block the water moccasin's attack. Something hits you.
* * * LOW HITPOINT WARNING * * *
The orc priest misses you.
The air fills with toxic fumes!
As you read the scroll labelled CAERA OGOTHRI, it crumbles to dust.
It was a scroll of poison.
You block the water moccasin's attack. Something barely misses you.
The orc priest calls down the wrath of Beogh upon you.
Pain shoots through your body!
You die...
Xom chuckles heartily!

..... ###..........##
§§§§§###§§§§§§......##
.§§§§#§§§§§§§§.......#
#.§§§§§§§§§§§....#.###
..§§§§#§§§#.§..#### #
#§§§§§§§#§§.##
§§§##§§§§§§§§§§##
§§§§§§So{§§#....#
§§§§§§§@§####..##
§§§§§§#### #### §§§§§
#§§§ §§§ §§ §


You could see a water moccasin (unable to see you) and an orc priest (fast,
unable to see you).

Vanquished Creatures
  A black bear (D:5)
  An ogre (D:4)
  2 bombardier beetles
  A hound (D:5)
  Crazy Yiuf (D:2)
  3 iguanas (D:5)
  Natasha (twice) (D:3)
  Robin (D:2)
  6 adders
  7 gnolls
  A ribbon worm (D:3)
  2 dart slugs (D:2)
  4 orcs
  7 ball pythons
  4 bats
  6 endoplasms
  3 giant cockroaches
  9 hobgoblins
  4 jackals
  6 quokkas
  4 frilled lizards
  11 goblins
  5 kobolds
  6 rats
97 creatures vanquished.

Notes
Turn   | Place    | Note
-------+----------+-------------------------------------------
     0 | D:1      | ezpacito the Demonspawn Chaos Knight began the quest for
                  | the Orb.
     0 | D:1      | Reached XP level 1. HP: 18/18 MP: 1/1
    14 | D:1      | Reached skill level 1 in Dodging
   135 | D:1      | Gained mutation: Your touch may inflict minor irresistible
                  | damage on your foes. [demonic ancestry]
   135 | D:1      | Reached XP level 2. HP: 6/24 MP: 2/2
   371 | D:1      | Gained mutation: You are partially covered in razor-sharp
                  | scales. (AC +1, Slay +1) [demonic ancestry]
   371 | D:1      | Reached XP level 3. HP: 27/29 MP: 3/3
   614 | D:1      | Learned a level 3 spell: Tukima's Dance
   648 | D:2      | Noticed Robin
   661 | D:2      | Reached skill level 1 in Unarmed Combat
   670 | D:2      | Reached skill level 1 in Spellcasting
   670 | D:2      | Reached XP level 4. HP: 32/35 MP: 5/5
   675 | D:2      | XOM: confuse monster(s)
   692 | D:2      | XOM: smoke on damage
   842 | D:1      | XOM: give mutation
   842 | D:1      | Gained mutation: You occasionally lose the ability to read
                  | scrolls when taking damage. [Xom's mischief]
   884 | D:1      | XOM: give mutations
   884 | D:1      | Gained mutation: You are strong-willed. (Will+) [Xom's
                  | mischief]
   884 | D:1      | Lost mutation: You occasionally lose the ability to read
                  | scrolls when taking damage. [Xom's mischief]
   884 | D:1      | Gained mutation: Your system is resistant to poisons.
                  | (rPois) [Xom's mischief]
   884 | D:1      | Lost mutation: You are strong-willed. (Will+) [Xom's
                  | mischief]
   909 | D:2      | XOM: silly message
   909 | D:2      | XOM: smoke on damage
   911 | D:2      | HP: 1/35 [gnoll/+0 halberd (10)]
  1124 | D:2      | Killed Robin
  1321 | D:2      | Gained mutation: You are mostly covered in razor-sharp
                  | scales. (AC +2, Slay +2) [demonic ancestry]
  1321 | D:2      | Reached XP level 5. HP: 41/41 MP: 6/6
  1699 | D:2      | XOM: summons 3 hostile demons
  1933 | D:2      | Found a runed translucent door.
  1934 | D:2      | Noticed Crazy Yiuf
  1937 | D:2      | XOM: draining
  1939 | D:2      | XOM: swap monsters
  1941 | D:2      | Killed Crazy Yiuf
  1942 | D:2      | Reached skill level 1 in Stealth
  2246 | D:3      | XOM: stat loss: -1 Int (9/12)
  2286 | D:3      | Found a shadowy altar of Dithmenos.
  2290 | D:3      | XOM: divination: magic mapping
  2365 | D:3      | XOM: smoke on damage
  2370 | D:3      | Gained mutation: You are completely covered in razor-sharp
                  | scales. (AC +3, Slay +3) [demonic ancestry]
  2370 | D:3      | Reached XP level 6. HP: 21/45 MP: 8/8
  2544 | D:3      | Noticed Natasha
  2551 | D:3      | XOM: fog
  2552 | D:3      | Killed Natasha
  2597 | D:3      | Noticed Natasha
  2603 | D:3      | Killed Natasha
  2604 | D:3      | Reached skill level 1 in Hexes
  2866 | D:4      | XOM: polymorph orc -> jackal
  2927 | D:4      | Reached skill level 4 in Fighting
  2938 | D:4      | XOM: cloud trail
  3130 | D:4      | Found Fureg's Assorted Antiques.
  3137 | D:4      | Bought a scroll of identify for 56 gold pieces
  3137 | D:4      | Bought a scroll of identify for 56 gold pieces
  3249 | D:4      | XOM: 3-stop teleportation journey
  3556 | D:4      | XOM: cloud trail
  3622 | D:5      | Entered Level 5 of the Dungeon
  3634 | D:5      | Gained mutation: Your touch may inflict irresistible damage
                  | on your foes. [demonic ancestry]
  3634 | D:5      | Reached XP level 7. HP: 51/54 MP: 10/10
  3650 | D:5      | XOM: cast spell 'Dispersal'
  3653 | D:5      | XOM: enchant monster (good)
  3761 | D:5      | XOM: cast spell 'Fugue of the Fallen'
  3784 | D:5      | Lost mutation: Your system is resistant to poisons. (rPois)
                  | [potion of mutation]
  3784 | D:5      | Gained mutation: You are vulnerable to cold. (rC-) [potion
                  | of mutation]
  3784 | D:5      | Gained mutation: You are resistant to electric shocks.
                  | (rElec) [potion of mutation]
  3784 | D:5      | Gained mutation: You have sharp toenails. [potion of
                  | mutation]
  3785 | D:5      | Killed from afar by an orc priest

Illustrated notes

Levels and vault maps discovered:
D:1:      spicycebolla_arrival_ecumenical, layout_loops_ring,
          kennysheep_crisscross, kennysheep_pointless_box
D:2:      layout_basic, minmay_nonomino_d4, uniq_crazy_yiuf_cottage, uniq_robin
D:3:      layout_loops_cross, grunt_dithmenos_smoke, hex_medium,
          feat_on_display, uniq_natasha
D:4:      nicolae_cairo_tiling_large, layout_loops_cross, serial_shops,
          nicolae_shop_temple_entry_statues_fountains
D:5:      layout_cave_pools, serial_shops, nicolae_shop_bloodbath_and_beyond,
          nicolae_shop_fire_sale [nicolae_sub_dead_trees]

Skill      XL: |  1  2  3  4  5  6 |
---------------+-------------------+-----
Dodging        | 1 2 |  2.8
Armour         | 2 3 |  3.2
Axes           | 3 |  3.9
Unarmed Combat | 1 2 |  2.5
Spellcasting   | 1 2 |  2.4
Stealth        | 1 |  1.6
Hexes          | 1 |  1.5
Fighting       | 4 |  4.2
Shapeshifting  | |  0.7

Action                     |  1- 3 |  4- 6 |  7- 9 || total
---------------------------+-------+-------+-------++-------
  Melee: Hand axe          |    67 |   152 |    23 ||   242
         Touch             |     4 |    31 |     4 ||    39
    Use: Potion            |     1 |     3 |     3 ||     7
         Scroll            |       |     6 |     1 ||     7
   Stab: Sleeping          |     1 |       |       ||     1
         Confused          |     2 |     1 |       ||     3
 Armour: Leather armour    |    44 |    55 |       ||    99
         Skin              |    34 |     8 |       ||    42
         Ring mail         |       |   106 |    45 ||   151
  Dodge: Dodged            |    43 |   135 |    35 ||   213
  Block: Other             |       |     2 |     6 ||     8

Table legend: (Time is in decaauts)
 A = Elapsed time spent in this place.
 B = Non-inter-level travel time spent in this place.
 C = Inter-level travel time spent in this place.
 D = Time resting spent in this place.
 E = Time spent auto-exploring this place.
 F = Levels seen in this place.
 G = Mean time per level.
                   A        B        C        D        E       F      G
               +--------+--------+--------+--------+--------+-----+--------+
         Total |   3821 |   3688 |    133 |    666 |   2366 |   5 |  764.2 |
       Dungeon |   3821 |   3688 |    133 |    666 |   2366 |   5 |  764.2 |
               +--------+--------+--------+--------+--------+-----+--------+

Top non-repeatable levels by time:
     D:2: 1051 daAuts
     D:1: 1033 daAuts
     D:3: 810 daAuts
     D:4: 760 daAuts
     D:5: 166 daAuts
